 Dungeon Crawl Stone Soup version 0.15.2 (webtiles) character file.

249 DrPain the Cutter (level 5, 0/25 HPs)
             Began as a Spriggan Assassin on Jan 20, 2015.
             Succumbed to an adder's poison
             ... on Level 3 of the Dungeon.
             The game lasted 00:05:24 (1986 turns).

DrPain the Cutter (Spriggan Assassin)               Turns: 1986, Time: 00:05:24

HP   0/25        AC  3     Str  7      XL: 5   Next: 87%
MP  10/10        EV 19     Int 12      God:
Gold 78          SH  0     Dex 19      Spells:  0 memorised,  4 levels left

rFire  . . .     SeeInvis +     F - +0 hunting sling
rCold  . . .     Clarity  .     c - +0 robe
rNeg   . . .     rCorr    .     (shield restricted)
rPois  .         rRot     .     (helmet restricted)
rElec  .         Spirit   .     d - +0 cloak
SustAb .         Warding  .     (gloves unavailable)
rMut   .         Stasis   .     (boots unavailable)
Gourm  .                        (no amulet)
MR     .....                    (no ring)
                                (no ring)

@: lethally poisoned, very quick, not resistant to hostile enchantments,
stealthy
A: unfitting armour, see invisible, herbivore 3, speed 3, slow metabolism 2
a: no special abilities


You were on level 3 of the Dungeon.
You were not hungry.

You visited 1 branch of the dungeon, and saw 3 of its levels.

You collected 78 gold pieces.

Inventory:

Hand weapons
 f - a +0 blowgun
 w - a +2 short sword of speed
 F - a +0 hunting sling (weapon)
Missiles
 b - 2 curare-tipped needles
 e - 4 poisoned needles
 k - 21 sling bullets (quivered)
 m - 55 stones
Armour
 c - a +0 robe (worn)
 d - a +0 cloak (worn)
Comestibles
 j - 2 bread rations
 o - 3 fruits
 p - 3 slices of pizza
Scrolls
 a - a scroll of random uselessness {unknown}
 h - a scroll of recharging {unknown}
 i - a scroll of remove curse {unknown}
 l - a scroll of noise {unknown}
Potions
 g - a potion of porridge


   Skills:
 - Level 1.5 Fighting
 - Level 6.2 Short Blades
 - Level 2.1 Throwing
 + Level 3.7 Dodging
 - Level 6.0 Stealth


You had 4 spell levels left.
You didn't know any spells.

Dungeon Overview and Level Annotations

Branches:
Dungeon (3/15)

Altars:


Innate Abilities, Weirdness & Mutations

You are tiny and cannot use many weapons and most armour.
You have supernaturally acute eyesight.
You are a herbivore.
You cover ground extremely quickly.
You need consume almost no food.


Message History

Okay, then.
* * * LOW HITPOINT WARNING * * *
You feel sick.
Found an escape hatch in the floor.
You are too injured to fight recklessly!
Firing (i - inventory. (,) - cycle):
k - 23 sling bullets (quivered)
Press: ? - help, Shift-Dir - straight line, f/p - adder
Aim: an adder (almost dead)
You shoot a sling bullet. The sling bullet misses the adder.
Found a dagger.
* * * LOW HITPOINT WARNING * * *
You feel sick.
Firing (i - inventory. (,) - cycle):
k - 22 sling bullets (quivered)
Press: ? - help, Shift-Dir - straight line, f/p - adder
Aim: an adder (almost dead)
You shoot a sling bullet.
The sling bullet barely misses the adder.
The adder bites you.
* * * LOW HITPOINT WARNING * * *
You die...

.# .# .# .# ########
.###### ###.......
......######....>#
.(....(......S...#######
##<##.#####............#
#.##.# #.....@#####.#
#.##.# #......# #.##.#
#...#..). ......
#.....#### ......
....#.## #.###. ###.#.#
#.# . #.#. #.# #.


You could see an adder.

Vanquished Creatures
  Sigmund (D:2)
  An orc priest (D:3)
  An orc wizard (D:3)
  6 adders (D:2)
  3 worms
  2 giant geckos (D:1)
  3 orcs (D:3)
  A ball python (D:1)
  3 giant cockroaches
  5 goblins
  5 hobgoblins
  10 bats
  3 giant newts
  3 kobolds (D:1)
  7 rats
54 creatures vanquished.

Notes
Turn   | Place    | Note
--------------------------------------------------------------
     0 | D:1      | DrPain, the Spriggan Assassin, began the quest for the Orb.
     0 | D:1      | Reached XP level 1. HP: 10/10 MP: 2/2
    10 | D:1      | Reached skill level 6 in Stealth
   456 | D:1      | Reached XP level 2. HP: 14/14 MP: 4/4
  1028 | D:2      | Reached XP level 3. HP: 18/18 MP: 6/6
  1176 | D:2      | Reached XP level 4. HP: 22/22 MP: 8/8
  1187 | D:2      | Noticed Sigmund
  1343 | D:2      | Killed Sigmund
  1343 | D:2      | Reached skill level 5 in Short Blades
  1343 | D:2      | Reached XP level 5. HP: 25/25 MP: 10/10
  1984 | D:3      | HP: 1/25 [adder (2)]
  1986 | D:3      | Succumbed to an adder's poison

Action                   |  1- 3 |  4- 6 || total
-------------------------+-------+-------++-------
Melee: Dagger            |    71 |       ||    71
       Short sword       |    20 |    73 ||    93
 Fire: Blowgun           |     1 |    10 ||    11
       Hunting sling     |       |     4 ||     4
  Use: Scroll            |     1 |       ||     1
       Potion            |       |     2 ||     2
 Stab: Sleeping          |    11 |     3 ||    14
